 Dungeon Crawl Stone Soup version 0.30.1-9-gdf580d7c3d (webtiles) character file.

Game seed: 15698055482927189429

646581 Rihmasto the Conqueror (level 27, -2/245 HPs)
             Began as a Minotaur Berserker on Oct 14, 2023.
             Was an Elder of Trog.
             Killed from afar by an orb of fire (16 damage)
             ... with a bolt of fire
             ... on level 5 of the Realm of Zot.
             The game lasted 08:08:09 (79292 turns).

Rihmasto the Conqueror (Minotaur Berserker)        Turns: 79292, Time: 08:08:09

Health: -2/245     AC: 47    Str: 36 (37) XL:     27
Magic:  15/15      EV: 16    Int:  6      God:    Trog [****..]
Gold:   2538       SH:  0    Dex: 10      Spells: 26/26 levels left

rFire   + + .        q - +9 war axe of Certain Death {heavy, +Blink rElec}
rCold   + + +        T - orb {mayhem}
rNeg    + + .        M - +14 crystal plate armour {rC+}
rPois   +            r - -1 hat "Kitour" {rElec Regen+ Str+4}
rElec   +            L - scarf {rC+ rF+}
rCorr   .            D - +0 pair of gloves of Optimism {*Slow rElec Int+6 SInv}
SInv    +            C - +2 pair of boots {Fly}
Will    +++..        b - amulet of Vitality {RegenMP++ Regen++} Stlth
                     V - ring of the Mauling Coward {rC++ rN+ Will+ Str+3 Dex-4}
HPRegen 3.00/turn    z - ring "Huhoakk" {Fire rPois rN+ SInv}
MPRegen 0.94/turn

%: random rage (3%), slow self (1%), mayhem
@: mighty, marked, on berserk cooldown, flying, slowed, studying 3 skills,
unable to drink, very slow
A: horns 2, retaliatory headbutt, iridescent scales 2, berserk 1, deformed body,
deterioration 2, dopey 2, frail 1, low MP 3, screaming 2, teleportitis 1, weak
1, no potion heal 1, subdued magic 3, inability to drink after injury 2
}: 4/15 runes: barnacled, slimy, silver, gossamer
a: Renounce Religion, Evoke Blink, Berserk, Trog's Hand, Brothers in Arms


You were on level 5 of the Realm of Zot.
You worshipped Trog.
Trog was greatly pleased with you.
You visited 13 branches of the dungeon, and saw 57 of its levels.
You visited the Abyss 1 time.
You also visited: Ice Cave.

You collected 7814 gold pieces.
You spent 5276 gold pieces at shops.

Inventory:

Hand Weapons
 a - a +9 heavy broad axe
 e - a +4 vampiric broad axe
 q - the +9 war axe of Certain Death (weapon) {heavy, +Blink rElec}
   (You bought it in a shop on level 2 of the Shoals)

   rElec:     It insulates you from electricity.
   +Blink:    It lets you blink.
 w - a +9 antimagic broad axe
 S - a +11 vampiric club
Armour
 r - the -1 hat "Kitour" (worn) {rElec Regen+ Str+4}
   (You acquired it on level 6 of the Dungeon)

   Str:       It affects your strength (+4).
   rElec:     It insulates you from electricity.
   Regen:     It increases your rate of health regeneration.
 C - a +2 pair of boots of flying (worn)
 D - the +0 pair of gloves of Optimism (worn) {*Slow rElec Int+6 SInv}
   (You bought it in a shop on level 14 of the Dungeon)

   Int:       It affects your intelligence (+6).
   rElec:     It insulates you from electricity.
   SInv:      It lets you see invisible.
   *Slow:     It may slow you when you take damage.
 J - a +0 tower shield
 L - a scarf of resistance (worn)
 M - a +14 crystal plate armour of cold resistance (worn)
 Q - the +0 pair of gloves of the Butterfly {Fly rPois}
   (You bought it in a shop on level 1 of the Depths)

   rPois:     It protects you from poison.
   Fly:       It grants you flight.
 T - an orb of mayhem (worn)
 U - a scarf of invisibility
Jewellery
 b - the amulet of Vitality (around neck) {RegenMP++ Regen++}
   (You found it on level 3 of the Crypt)

   [amulet of magic regeneration]

   It increases your rate of magic regeneration.
   Regen:     It increases your rate of health regeneration.
 i - the ring of the Prince {Contam rPois Str+3 Dex+6 Stlth+}
   (You bought it in a shop on level 11 of the Dungeon)

   [ring of dexterity]

   Str:       It affects your strength (+3).
   Dex:       It affects your dexterity (+6).
   rPois:     It protects you from poison.
   Contam:    It causes magical contamination when unequipped.
   Stlth:     It makes you more stealthy.
 n - the ring "Hafilus" {rF- rC+ rN+ Str+6 Stlth+}
   (You found it on level 4 of the Dungeon)

   [ring of strength]

   Str:       It affects your strength (+6).
   rF:        It makes you vulnerable to fire.
   rC:        It protects you from cold.
   rN:        It protects you from negative energy.
   Stlth:     It makes you more stealthy.
 t - a ring of resist corrosion
 z - the ring "Huhoakk" (right hand) {Fire rPois rN+ SInv}
   (You bought it in a shop on level 11 of the Dungeon)

   [ring of fire]

   It enhances your fire magic.
   rF:        It protects you from fire.
   rC:        It makes you vulnerable to cold.
   rPois:     It protects you from poison.
   rN:        It protects you from negative energy.
   SInv:      It lets you see invisible.
 R - the ring "Yniwak" {rF+ EV+5 Str+4}
   (You found it on level 3 of the Elven Halls)

   [ring of evasion]

   EV:        It affects your evasion (+5).
   Str:       It affects your strength (+4).
   rF:        It protects you from fire.
 V - the ring of the Mauling Coward (left hand) {rC++ rN+ Will+ Str+3 Dex-4}
   (You found it on level 3 of the Elven Halls)

   [ring of positive energy]

   Str:       It affects your strength (+3).
   Dex:       It affects your dexterity (-4).
   rC:        It greatly protects you from cold.
   rN:        It protects you from negative energy.
   Will:      It increases your willpower.
 X - a +6 ring of intelligence
Wands
 f - a wand of flame (51)
 l - a wand of light (30)
 p - a wand of digging (28)
 s - a wand of polymorph (28)
 v - a wand of charming (60)
Scrolls
 c - 11 scrolls of fog
 j - 12 scrolls of teleportation
 o - 4 scrolls of poison
 y - 5 scrolls of fear
 E - 2 scrolls of brand weapon
 F - 3 scrolls of butterflies
 G - a scroll of silence
 O - 9 scrolls of magic mapping
Potions
 d - 11 potions of lignification
 g - 2 potions of haste (quivered)
 h - 6 potions of berserk rage
 k - 4 potions of attraction
 m - 5 potions of might
 u - 16 potions of curing
 A - 5 potions of invisibility
 B - 2 potions of cancellation
 I - 3 potions of mutation
 K - 2 potions of resistance
 P - 8 potions of ambrosia
 Z - 3 potions of heal wounds
Miscellaneous
 x - a piece from Xom's chessboard (15/15)
 H - a lightning rod (4/4)
 N - a phial of floods
 W - a condenser vane
 Y - a box of beasts


   Skills:
 O Level 27 Fighting
 - Level 21.4 Axes
 - Level 0.6 Throwing
 O Level 27 Armour
 + Level 26.9 Dodging
 - Level 5.0 Stealth
 O Level 27 Shields
 - Level 10.4 Evocations


You had 26 spell levels left.
You didn't know any spells.
Your spell library contained the following spells:

 Spells                   Type           Power      Damage    Failure   Level
 Apportation              Tloc           0%         N/A       83%         1
 Kiss of Death            Conj/Necr      0%         2d5       83%         1
 Magic Dart               Conj           0%         1d3       83%         1
 Necrotise                Necr           0%         1d4       83%         1
 Sandblast                Erth           0%         2d4       83%         1
 Slow                     Hex            0%         N/A       83%         1
 Summon Small Mammal      Summ           0%         N/A       83%         1
 Blink                    Tloc           0%         N/A       93%         2
 Call Imp                 Summ           0%         N/A       93%         2
 Cigotuvi's Dreadful Rot  Necr/Pois/Air  0%         N/A       93%         2
 Passwall                 Tmut/Erth      0%         N/A       93%         2
 Sublimation of Blood     Necr           0%         N/A       93%         2
 Wereblood                Tmut           0%         N/A       93%         2
 Call Canine Familiar     Summ           0%         N/A       99%         3
 Confusing Touch          Hex            0%         N/A       99%         3
 Dazzling Flash           Conj/Hex       0%         N/A       99%         3
 Hailstorm                Conj/Ice       0%         3d3       99%         3
 Ignite Poison            Fire/Tmut/Pois 0%         N/A       99%         3
 Inner Flame              Hex/Fire       0%         N/A       99%         3
 Mephitic Cloud           Conj/Pois/Air  0%         N/A       99%         3
 Ozocubu's Armour         Ice            0%         N/A       99%         3
 Portal Projectile        Hex/Tloc       0%         N/A       99%         3
 Stone Arrow              Conj/Erth      0%         3d7       99%         3
 Summon Guardian Golem    Hex/Summ       0%         N/A       99%         3
 Vampiric Draining        Necr           0%         2d6       99%         3
 Volatile Blastmotes      Fire/Tloc      0%         2d10      99%         3
 Airstrike                Air            0%         2d(0-16)  100%        4
 Anguish                  Hex/Necr       0%         N/A       100%        4
 Animate Armour           Summ/Erth      0%         N/A       100%        4
 Animate Dead             Necr           0%         N/A       100%        4
 Dispel Undead            Necr           0%         3d6       100%        4
 Fulminant Prism          Conj/Hex       0%         3d5       100%        4
 Ice Form                 Ice/Tmut       0%         N/A       100%        4
 Iskenderun's Mystic Bla  Conj/Tloc      0%         2d3       100%        4
 Leda's Liquefaction      Hex/Erth       0%         N/A       100%        4
 Manifold Assault         Tloc           0%         N/A       100%        4
 Olgreb's Toxic Radiance  Pois           0%         N/A       100%        4
 Passage of Golubria      Tloc           0%         N/A       100%        4
 Petrify                  Tmut/Erth      0%         N/A       100%        4
 Sticky Flame             Conj/Fire      0%         2d3       100%        4
 Summon Ice Beast         Ice/Summ       0%         N/A       100%        4
 Agony                    Necr           0%         N/A       100%        5
 Alistair's Intoxication  Tmut/Pois      0%         N/A       100%        5
 Blade Hands              Tmut           0%         N/A       100%        5
 Borgnjor's Vile Clutch   Necr/Erth      0%         N/A       100%        5
 Freezing Cloud           Conj/Ice/Air   0%         6-21      100%        5
 Irradiate                Conj/Tmut      0%         3d11      100%        5
 Iskenderun's Battlesphe  Conj           0%         2d6       100%        5
 Lee's Rapid Deconstruct  Erth           0%         3d4*      100%        5
 Silence                  Hex/Air        0%         N/A       100%        5
 Summon Forest            Summ/Tloc      0%         N/A       100%        5
 Summon Mana Viper        Hex/Summ       0%         N/A       100%        5
 Yara's Violent Unravell  Hex/Tmut       0%         3d3       100%        5
 Death Channel            Necr           0%         N/A       100%        6
 Dispersal                Tloc           0%         N/A       100%        6
 Eringya's Noxious Bog    Tmut/Pois      0%         N/A       100%        6
 Iron Shot                Conj/Erth      0%         9d1       100%        6
 Simulacrum               Ice/Necr       0%         N/A       100%        6
 Statue Form              Tmut/Erth      0%         N/A       100%        6
 Dragon Form              Tmut           0%         N/A       100%        7
 Enfeeble                 Hex            0%         N/A       100%        7
 Monstrous Menagerie      Summ           0%         N/A       100%        7
 Orb of Destruction       Conj           0%         9d5       100%        7
 Ozocubu's Refrigeration  Ice            0%         4d7       100%        7
 Spellforged Servitor     Conj/Summ      0%         N/A       100%        7
 Storm Form               Tmut/Air       0%         N/A       100%        7
 Summon Hydra             Summ           0%         N/A       100%        7
 Discord                  Hex            0%         N/A       100%        8
 Disjunction              Tloc           0%         N/A       100%        8
 Ignition                 Fire           0%         3d3       100%        8
 Lehudib's Crystal Spear  Conj/Erth      0%         10d2      100%        8
 Necromutation            Tmut/Necr      0%         N/A       100%        8


Dungeon Overview and Level Annotations

Branches:
Dungeon (15/15)            Temple (1/1) D:4            Lair (5/5) D:9
 Shoals (4/4) Lair:3       Spider (4/4) Lair:3        Slime (5/5) Lair:5
    Orc (2/2) D:12            Elf (3/3) Orc:2        Vaults (5/5) D:13
  Crypt (3/3) Vaults:3       Tomb (1/3) Crypt:3      Depths (4/4) D:15
    Zot (5/5) Depths:4      IceCv (visited)

Altars:
Ashenzari
Cheibriados
Dithmenos
Elyvilon
Fedhas
Gozag
Hepliaklqana
Kikubaaqudgha
Makhleb
Nemelex Xobeh
Okawaru
Qazlal
Ru
Sif Muna
Trog
Uskayaw
Vehumet
Wu Jian
Xom
Yredelemnul
Zin
The Shining One
Jiyva
Lugonu

Shops:
D:11 =   D:14 [   Orc:2 ([[[   Elf:2 ((   Shoals:2 (   Vaults:2 [
Vaults:4 :[!*   Vaults:5 =[!=   Depths:1 =![:

Portals:
Hell: Depths:1 Depths:2 Depths:3 Depths:4*
Abyss: Depths:2 Depths:3 Depths:4
Pandemonium: Depths:1 Depths:2 Depths:3
Ziggurat: Depths:2


Innate Abilities, Weirdness & Mutations

You have a pair of horns on your head.
You reflexively headbutt those who attack you in melee.
You are mostly covered in iridescent scales. (AC +4)
You sometimes lose your temper in combat.
Armour fits poorly on your strangely shaped body.
Your body often deteriorates upon taking damage.
You are very dopey. (Int -4)
You are frail. (-10% HP)
Your magical capacity is extremely low. (-30% MP)
You frequently scream uncontrollably at your foes.
You are occasionally teleported next to monsters.
You are weak. (Str -2)
Potions are less effective at restoring your health.
Your spells are much easier to cast, but much less powerful.
You sometimes lose the ability to drink potions when taking damage.


Message History

The bolt of lightning misses the orb of fire.
The bolt of lightning misses you.
The electric golem hurls lightning at you.
The bolt of lightning hits the orb of fire.
The orb of fire completely resists.
The bolt of lightning hits you. You resist.
* * * LOW HITPOINT WARNING * * *
The Orb Guardian misses you.
The orb of fire emits a lurid red light.
Strange energies course through your body.
Your connection to magic feels more subdued.
The black draconian barely misses the orb of fire.
There are monsters nearby!
There are monsters nearby!
As you read the scroll of fear, it crumbles to dust.
You assume a fearsome visage.
The orb of fire is unaffected.
The Killer Klown looks frightened!
The Orb Guardian easily resists.
The electric golem is unaffected.
The Killer Klown resists with almost no effort.
The orb of fire is unaffected.
The Orb Guardian looks frightened!
The orb of fire is unaffected. x2
The red draconian scorcher looks frightened!
The black draconian looks frightened! x2
The electric golem hurls lightning at you.
The bolt of lightning hits the black draconian.
The black draconian completely resists.
The electric golem's attack snaps the black draconian out of its fear.
The bolt of lightning hits you. You resist.
* * * LOW HITPOINT WARNING * * *
The Killer Klown blinks!
The Killer Klown starts to cry.
The Killer Klown blinks!
The orb of fire glows yellow.
Strange energies course through your body.
Your connection to magic feels nearly dormant.
The electric golem hurls lightning at you.
The bolt of lightning hits the orb of fire.
The orb of fire completely resists.
The bolt of lightning misses you.
The orb of fire glows deep purple.
The bolt of fire hits you! You resist.
You die...

..^...▓▓▓ ▓▓▓....^... ........▓▓
▓▓...^.^.... .........▓ ▓▓▓▓▓▓▓▓▓
▓.?...*.....
.........▓▓▓p......▓▓▓...........
.........▓▓.^p.....d▓▓..9...d....
.........▓...........▓.).X..*....
........^.....§0§.*.9..)q.)......
.........▓.....**...q▓..d..†.....
.........▓▓...XX@*d.▓▓†.)....^...
.........▓▓▓.......▓▓▓.........d.
.........# ▓▓▓▓▓▓▓▓▓ #....)..p...
........## ##.......... ......▓##
##▓........ ...▓ ▓▓▓▓..§..
▓▓▓▓▓▓▓# #▓▓▓▓▓▓▓▓▓ ...^^..###
###..^...... ...##....##
##....##.....


You could see 3 orbs of fire, 2 Killer Klowns, an electric golem, 2 draconians,
2 Orb Guardians, a red draconian scorcher (fleeing) and a neutral orb of fire
(fast, strong, insane, distracted).

Vanquished Creatures
  the Royal Jelly (Slime:5)
  9 orbs of fire
  4 dread liches
  5 ancient liches
  3 Killer Klowns
  The ghost of ratatoskos the Impregnable, a veteran DsBe of Trog (Elf:3)
  3 curse toes
  the Enchantress (Depths:3)
  10 golden dragons
  Arachne (Spider:4)
  2 bone dragons
  2 electric golems
  Zenata (Elf:2)
  A walking crystal tome (Depths:3)
  2 liches (Depths:2)
  A walking earthen tome (Depths:3)
  2 shard shrike skeletons
  11 tentacled monstrosities
  3 deep elf master archers (Elf:3)
  A walking divine tome (Depths:4)
  20 Orb Guardians (Zot:5)
  2 deep elf blademasters (Elf:3)
  8 quicksilver dragons
  Asterion (Elf:1)
  5 death cobs
  7 sphinxes
  7 titans
  20 acid blobs
  Polyphemus (Shoals:3)
  Frances (Elf:1)
  Agnes (Spider:4)
  10 shadow dragons
  2 krakens
  The ghost of Zedyvir the Thaumaturge, an adept DsCj of Ashenzari (Shoals:3)
  The ghost of raetorn the Sorcerer, an adept DjFE of Makhleb (Spider:4)
  3 draconian monks
  Kirke (Lair:4)
  6 tengu reavers
  18 storm dragons
  Roxanne (Elf:2)
  7 revenants
  11 fire giants
  5 draconian knights
  The ghost of kalagan the Eclecticist, an adept DECj of Sif Muna (Spider:1)
  9 rockslimes
  2 emperor scorpions (Spider:4)
  9 deep elf sorcerers
  2 iron dragons (Zot:1)
  3 frost giants
  2 draconian scorchers
  14 azure jellies
  6 ghost moths
  A spectral caustic shrike (Crypt:3)
  The ghost of Quickbrownfox the Covert, a journeyman DsCj of Dithmenos (D:14)
  2 curse skulls
  A balrug (Depths:3)
  A spectral juggernaut (Crypt:3)
  An orc warlord (Vaults:1)
  7 deep elf elementalists (Elf:3)
  A draconian shifter (Zot:5)
  5 ghouls
  17 vault wardens
  3 spriggan defenders (Depths:3)
  20 quicksilver oozes
  2 draconian stormcallers
  3 draconian annihilators
  12 stone giants
  A broodmother (Spider:4)
  6 war gargoyles
  21 ironbound preservers
  The ghost of ang3lsp1der the Worldbinder, an adept FeSu of Gozag (Shoals:3)
  9 ironbound thunderhulks
  The ghost of Heezod the Fighter, a journeyman MiBe of Trog (Shoals:3)
  The ghost of ratatoskos the Grappler, a journeyman TrFi of Okawaru (Lair:4)
  20 very ugly things
  7 black draconians
  7 deep elf annihilators
  6 vampire knights
  12 green draconians
  11 purple draconians
  5 deep elf demonologists
  12 red draconians
  17 white draconians
  5 yellow draconians
  13 spark wasps
  11 dire elephants
  5 deep elf death magi
  14 ettins
  11 merfolk impalers
  13 eidola
  3 merfolk javelineers (Shoals:4)
  12 jiangshi
  A crystal guardian (Vaults:2)
  A spectral iron giant (Crypt:3)
  2 spectral quicksilver dragons (Crypt:3)
  7 entropy weavers
  7 fire dragons
  10 deep elf high priests
  12 great orbs of eyes
  The ghost of qdestroyer the Spear-Bearer, a journeyman MiFi of Qazlal (Shoals:3)
  The ghost of Rihosch the Markskobold, a journeyman KoHu of Okawaru (Lair:2)
  A spriggan zombie (Depths:3)
  4 rakshasas
  3 spriggan air magi
  36 vault guards
  A hydra (shapeshifter) (Depths:3)
  2 ogre magi
  14 yaktaur captains
  4 peacekeepers
  8 ice dragons
  11 ironbound frosthearts
  18 centaur warriors
  2 alligator snapping turtles
  12 hydras
  2 jorogumos (Spider:3)
  A juggernaut simulacrum (Crypt:3)
  3 radroaches
  3 boulder beetles
  2 merfolk avatars (Shoals:4)
  11 deep troll shamans
  5 merfolk aquamancers (Shoals:4)
  A death knight (Crypt:2)
  A catoblepas (Shoals:3)
  2 two-headed ogres
  A death scarab (Spider:4)
  A spectral stone giant (Crypt:3)
  2 satyrs (Shoals:3)
  4 tengu warriors
  A spectral naga (Crypt:3)
  7 vampire magi
  8 deep troll earth magi
  2 spectral dire elephants (Crypt:3)
  29 dancing weapons
  9 death yaks
  2 spectral storm dragons (Crypt:3)
  An Orb Guardian skeleton (Crypt:1)
  9 spriggan berserkers
  5 orc high priests (Orc:2)
  2 sun demons (Depths:3)
  3 skysharks
  13 deep elf knights
  11 iron trolls
  4 shadow wraiths
  A titan skeleton (Depths:3)
  16 skeletal warriors
  6 pharaoh ants
  A spectral bunyip (Crypt:3)
  2 sun moths (Spider:4)
  A sixfirhy (Depths:3)
  13 sea snakes
  2 golden dragon zombies
  A glowing orange brain (shapeshifter) (Depths:3)
  A spectral anaconda (Crypt:3)
  A spectral iron dragon (Crypt:3)
  3 deep elf archers
  A tengu zombie (Depths:3)
  10 flayed ghosts
  58 deep trolls
  A glowing orange brain (Depths:2)
  2 obsidian statues (D:14)
  7 wizards
  7 orb spiders
  7 steelbarb worms
  9 lindwurms
  6 orc knights
  19 phantasmal warriors
  22 ironbound convokers
  Pikel (D:5)
  23 harpies
  27 deep elf pyromancers
  6 necromancers
  28 deep elf zephyrmancers
  31 ugly things
  5 shining eyes
  3 orc sorcerers
  A frost giant zombie (Vaults:2)
  A spectral ettin (Crypt:3)
  A shadow dragon skeleton (Crypt:1)
  26 moths of wrath
  A spectral ice dragon (Crypt:3)
  18 wolf spiders
  A salamander (D:15)
  10 elephants
  A spectral centaur (Crypt:3)
  5 cyclopes
  14 manticores
  A sphinx skeleton (Vaults:3)
  2 stone giant skeletons (Vaults:3)
  17 vault sentinels
  A frost giant skeleton (Vaults:1)
  An ice statue (IceCv)
  2 black mambas
  2 molten gargoyles (Lair:5)
  5 gargoyles
  14 merfolk sirens
  5 eyes of devastation
  A guardian serpent (shapeshifter) (D:15)
  3 demonic crawlers
  3 water nymphs (Shoals:4)
  A smoke demon (Depths:3)
  A torpor snail (Spider:2)
  Psyche (D:9)
  2 orange demons (Depths:3)
  9 cane toads
  A kobold demonologist (D:12)
  2 rime drakes
  16 komodo dragons
  An efreet (D:15)
  A spark wasp simulacrum (Depths:1)
  An anaconda simulacrum (Crypt:1)
  A swamp worm zombie (Crypt:1)
  3 yaktaur skeletons (Vaults:3)
  A catoblepas skeleton (Crypt:2)
  A tengu conjurer (Depths:2)
  16 yaktaurs
  24 freezing wraiths
  A guardian mummy (Zot:1)
  A spectral harpy (Crypt:3)
  6 trolls
  A hydra zombie (Crypt:1)
  37 merfolk
  9 wind drakes
  A hellwing (Depths:3)
  13 polar bears (IceCv)
  A mana viper zombie (Crypt:3)
  23 hornets
  17 blink frogs
  A raiju (shapeshifter) (D:13)
  A wolf spider simulacrum (D:14)
  A culicivora zombie (Crypt:2)
  18 tarantellas
  A harpy skeleton (Crypt:2)
  A dream sheep (shapeshifter) (Vaults:5)
  2 dream sheep (Lair:2)
  An iron dragon simulacrum (Crypt:3)
  A guardian serpent zombie (Crypt:3)
  10 snapping turtles
  A human simulacrum (Vaults:2)
  20 jumping spiders
  A jumping spider (shapeshifter) (Depths:3)
  A fire giant simulacrum (Vaults:1)
  115 slime creatures
  A spectral black mamba (Crypt:3)
  15 culicivoras
  A black mamba zombie (Crypt:1)
  6 flying skulls
  An ice dragon skeleton (Crypt:2)
  7 spriggans
  9 wraiths
  12 water elementals
  4 air elementals
  A culicivora (shapeshifter) (Vaults:2)
  2 centaur simulacra (D:14)
  3 shadows
  4 wyverns
  A human (D:13)
  2 ettin skeletons
  A dire elephant simulacrum (Crypt:3)
  5 basilisks
  70 yaks
  2 fire elementals (Elf:3)
  3 hogs (Lair:4)
  A yaktaur simulacrum (Vaults:1)
  A human (shapeshifter) (D:13)
  A wind drake skeleton (Crypt:3)
  39 redbacks
  2 steam dragons
  8 vampire mosquitoes
  2 hydra simulacra
  Menkaure (D:7)
  An acid dragon (D:9)
  15 water moccasins
  2 floating eyes
  2 glowing shapeshifter skeletons (Vaults:3)
  A glowing shapeshifter zombie (Vaults:2)
  4 hell hounds (Lair:5)
  4 wargs
  An ogre skeleton (Vaults:1)
  A merfolk skeleton (Crypt:2)
  A sky beast (D:8)
  Duvessa (D:4)
  18 orc warriors
  5 black bears
  2 ettin simulacra
  3 ice beasts (D:5)
  A spriggan simulacrum (Depths:1)
  A hornet zombie (Crypt:3)
  27 wolves
  10 boggarts
  4 ogres
  5 centaurs
  2 phantoms
  A human zombie (Vaults:2)
  3 kobold brigands
  A necrophage (Crypt:3)
  16 bullfrogs
  An earth elemental (Elf:1)
  7 scorpions
  A cyclops skeleton (Crypt:3)
  3 human skeletons
  3 wights (D:7)
  Dowan (D:4)
  A queen bee zombie (Crypt:3)
  3 killer bees (D:7)
  A killer bee (shapeshifter) (Vaults:5)
  A polar bear skeleton (Crypt:1)
  An electric eel (Lair:3)
  8 howler monkeys
  5 lava snakes (Lair:5)
  A wolf zombie (Crypt:2)
  6 hounds
  12 jellies
  40 orc priests
  A gnoll bouda (D:5)
  8 iguanas
  42 orc wizards
  2 sleepcaps
  A tengu simulacrum (Depths:1)
  A naga skeleton (Crypt:1)
  A boggart simulacrum (D:15)
  A mummy (Tomb:1)
  A gnoll (D:6)
  11 adders
  3 shadow imps
  3 white imps
  An ufetubus (D:6)
  4 worms
  2 dart slugs
  71 orcs
  7 ball pythons
  8 bats
  9 endoplasms
  5 giant cockroaches
  8 goblins
  10 hobgoblins
  17 kobolds
  4 quokkas
  3 frilled lizards
  A frilled lizard skeleton (Crypt:3)
  A giant cockroach zombie (Crypt:1)
  2 goblin skeletons
  A goblin zombie (Crypt:3)
  5 rats
  A rat skeleton (Crypt:2)
  A butterfly (Lair:4)
  4 tentacles
2351 creatures vanquished.

Vanquished Creatures (collateral kills)
  Vv (Depths:3)
  An Orb Guardian (Zot:5)
  A quicksilver dragon (Depths:3)
  A storm dragon (Zot:3)
  A draconian monk (Zot:5)
  A vault warden (Vaults:2)
  A ghost moth (Zot:4)
  An ironbound preserver (Vaults:2)
  A very ugly thing (Depths:2)
  A quicksilver ooze (Slime:5)
  A vampire knight (Depths:2)
  A stone giant (Depths:4)
  2 green draconians
  A black draconian (Zot:4)
  2 yellow draconians
  A spark wasp (Spider:4)
  2 vault guards (Vaults:4)
  An ice dragon (Depths:2)
  A spriggan air mage (Depths:1)
  2 deep troll earth magi
  A hell knight (Depths:2)
  An iron troll (Depths:4)
  A pharaoh ant (Spider:4)
  A glowing orange brain (shapeshifter) (Depths:2)
  6 deep trolls
  3 ugly things
  3 moths of wrath
  A tengu conjurer (Depths:2)
  A red devil (Depths:3)
  3 hornets (Depths:3)
  3 spriggans (Depths:3)
  2 redbacks
  A spectral weapon (Zot:4)
51 creatures vanquished.

Vanquished Creatures (others)
  An electric golem (Zot:5)
  2 Orb Guardians (Zot:5)
  A quicksilver dragon (Zot:5)
  A ghost moth (Zot:2)
  A draconian annihilator (Zot:2)
  A draconian shifter (Zot:4)
  A spriggan defender (Depths:3)
  A green draconian (Zot:5)
  2 white draconians
  A purple draconian (Zot:2)
  A yellow draconian (Zot:3)
  A fire dragon (Depths:2)
  An ettin (Depths:3)
  2 deep trolls
  A harpy (Shoals:3)
  A slime creature (Vaults:3)
  A human (D:4)
  2 orc wizards
  8 tentacles
30 creatures vanquished.

Grand Total: 2432 creatures vanquished

Notes
Turn   | Place    | Note
-------+----------+-------------------------------------------
     0 | D:1      | Rihmasto the Minotaur Berserker began the quest for the
                  | Orb.
     0 | D:1      | Reached XP level 1. HP: 19/19 MP: 0/0
    78 | D:1      | Found a faded altar of an unknown god.
   209 | D:1      | Reached XP level 2. HP: 27/27 MP: 1/1
   943 | D:2      | Reached ** piety under Trog
   944 | D:2      | Reached XP level 3. HP: 33/33 MP: 2/2
  1049 | D:2      | Found Leec's Assorted Antiques.
  1787 | D:2      | Gained mutation: You are strong-willed. (Will+) [potion of
                  | mutation]
  1787 | D:2      | Gained mutation: Your system is resistant to poisons.
                  | (rPois) [potion of mutation]
  1787 | D:2      | Gained mutation: Your spells are a little easier to cast,
                  | but a little less powerful. [potion of mutation]
  1787 | D:2      | Gained mutation: You are covered in fur. (AC +1) [potion of
                  | mutation]
  1883 | D:3      | Reached XP level 4. HP: 34/41 MP: 3/3
  1996 | D:3      | Reached skill level 1 in Stealth
  2092 | D:3      | Found an ornate altar of the Wu Jian Council.
  2303 | D:3      | Found a broken altar of Ashenzari.
  2532 | D:4      | Reached skill level 5 in Axes
  2633 | D:4      | Reached XP level 5. HP: 42/47 MP: 4/4
  2770 | D:4      | Identified the ring "Hafilus" {rF- rC+ rN+ Str+6 Stlth+}
  2809 | D:4      | Found an ancient bone altar of Kikubaaqudgha.
  2810 | D:4      | Noticed a human
  2813 | D:4      | Killed a human
  2885 | D:4      | Reached skill level 5 in Fighting
  2918 | D:4      | Noticed Duvessa
  2919 | D:4      | Noticed Dowan
  2932 | D:4      | Killed Duvessa
  2933 | D:4      | Reached skill level 1 in Shields
  2933 | D:4      | Reached XP level 6. HP: 43/56 MP: 5/5
  2944 | D:4      | Killed Dowan
  3046 | D:4      | Reached *** piety under Trog
  3127 | D:4      | Found a shimmering blue altar of Sif Muna.
  3177 | D:4      | Found a staircase to the Ecumenical Temple.
  3191 | Temple   | Entered the Ecumenical Temple
  3679 | D:5      | Entered Level 5 of the Dungeon
  3704 | D:5      | Reached XP level 7. HP: 57/61 MP: 6/6
  3848 | D:5      | You fall into a shaft and drop 2 floors!
  4055 | D:7      | Reached skill level 5 in Armour
  4101 | D:6      | Found a hazy altar of Hepliaklqana.
  4142 | D:6      | Reached XP level 8. HP: 69/70 MP: 7/7
  4232 | D:6      | Identified a scroll of acquirement
  4232 | D:6      | Acquired the -1 hat "Kitour" {rElec Regen+ Str+4}
  4336 | D:6      | Identified the +1 leather armour of Usyg {Dex+3}
  4505 | D:5      | Found an iron altar of Okawaru.
  4514 | D:5      | Reached **** piety under Trog
  4836 | D:5      | Found a white marble altar of Elyvilon.
  5106 | D:5      | Noticed Pikel
  5158 | D:5      | Reached XP level 9. HP: 77/78 MP: 8/8
  5196 | D:5      | Reached skill level 5 in Shields
  5200 | D:5      | Reached skill level 10 in Axes
  5260 | D:5      | Killed Pikel
  5349 | D:5      | Lost mutation: Your system is resistant to poisons. (rPois)
                  | [potion of mutation]
  5349 | D:5      | Lost mutation: Your spells are a little easier to cast, but
                  | a little less powerful. [potion of mutation]
  5349 | D:5      | Gained mutation: Your spells are a little easier to cast,
                  | but a little less powerful. [potion of mutation]
  5349 | D:5      | Gained mutation: You have sharp toenails. [potion of
                  | mutation]
  5349 | D:5      | Gained mutation: You are partially covered in iridescent
                  | scales. (AC +2) [potion of mutation]
  5349 | D:5      | Gained mutation: You are robust. (+10% HP) [potion of
                  | mutation]
  5569 | D:5      | Found a glowing golden altar of the Shining One.
  5571 | D:5      | Noticed an angel
  5576 | D:5      | Found a basalt altar of Yredelemnul.
  5578 | D:5      | Noticed a profane servitor
  6269 | D:7      | Found a glowing silver altar of Zin.
  6276 | D:7      | Found a hide-covered altar of Uskayaw.
  6752 | D:7      | Noticed Menkaure
  6761 | D:7      | Killed Menkaure
  6984 | D:8      | Found an opulent altar of Gozag.
  7101 | D:8      | Reached XP level 10. HP: 94/94 MP: 9/9
  7150 | D:8      | Found a shadowy altar of Dithmenos.
  7151 | D:8      | Found a radiant altar of Vehumet.
  7152 | D:8      | Found a shimmering altar of Xom.
  7518 | D:9      | Found a staircase to the Lair.
  7542 | D:9      | Reached skill level 10 in Armour
  7564 | D:9      | Noticed Psyche
  7566 | D:9      | Noticed a two-headed ogre
  7577 | D:9      | Killed a two-headed ogre
  7607 | D:9      | Killed Psyche
  7607 | D:9      | Reached ***** piety under Trog
  8046 | D:10     | Entered Level 10 of the Dungeon
  8134 | D:10     | Identified the +1 scale mail of the Pits of Slime {Rampage}
  8329 | D:10     | Reached XP level 11. HP: 101/104 MP: 10/10
  8843 | D:10     | Found a bloodstained altar of Trog.
  9001 | D:11     | Received a gift from Trog
  9082 | D:11     | Noticed a two-headed ogre
  9086 | D:11     | Killed a two-headed ogre
  9336 | D:11     | Reached skill level 10 in Fighting
  9387 | D:11     | Found Loesel's One-of-a-Kind Rings.
  9829 | D:12     | Noticed a green ugly thing
  9834 | D:12     | Killed a green ugly thing
  9835 | D:12     | Reached XP level 12. HP: 117/117 MP: 11/11
  9885 | D:12     | Found a staircase to the Orcish Mines.
 10222 | D:12     | Reached skill level 10 in Shields
 10223 | D:12     | Reached skill level 15 in Axes
 10602 | D:13     | Noticed a vault guard
 10639 | D:13     | Found a frozen archway.
 10672 | IceCv    | Entered an ice cave
 10788 | IceCv    | Noticed a death yak
 10795 | IceCv    | Killed a death yak
 10944 | IceCv    | Noticed a death yak
 10945 | IceCv    | Noticed a death yak
 10955 | IceCv    | Killed a death yak
 10959 | IceCv    | Killed a death yak
 10991 | IceCv    | Reached skill level 5 in Dodging
 10994 | IceCv    | Reached XP level 13. HP: 128/128 MP: 12/12
 11081 | IceCv    | Received a gift from Trog
 11743 | D:13     | Found a gate to the Vaults.
 12290 | D:14     | Found a transporter.
 12487 | D:14     | Identified the +0 glaive of Lust {drain, Will- Str+6 Int+3
                  | SInv}
 12643 | D:14     | Found a transporter.
 12738 | D:14     | Reached XP level 14. HP: 100/141 MP: 13/13
 12795 | D:14     | Found Viuq's Armour Boutique.
 12876 | D:14     | Found a hazy altar of Hepliaklqana.
 12960 | D:14     | Noticed Quickbrownfox's ghost (journeyman DsCj)
 13538 | D:14     | Killed Quickbrownfox's ghost
 13712 | D:14     | Bought the +0 pair of gloves of Optimism {*Slow rElec Int+6
                  | SInv} for 415 gold pieces
 13741 | D:15     | Entered Level 15 of the Dungeon
 13766 | D:15     | Found a hide-covered altar of Uskayaw.
 13956 | D:15     | Found a burning altar of Makhleb.
 14366 | D:15     | Reached XP level 15. HP: 152/152 MP: 14/14
 14452 | D:15     | Found a staircase to the Depths.
 14519 | D:15     | Identified the +10 sling of Beyond {heavy, rF+}
 15006 | Orc:1    | Entered Level 1 of the Orcish Mines
 15018 | Orc:1    | Received a gift from Trog
 15224 | Orc:2    | Entered Level 2 of the Orcish Mines
 15242 | Orc:2    | Reached skill level 15 in Fighting
 15253 | Orc:2    | Found a staircase to the Elven Halls.
 15386 | Orc:2    | Reached skill level 15 in Shields
 15423 | Orc:2    | Found Norooxt's Antique Armour Boutique.
 15423 | Orc:2    | Found Zisucsan's Antique Armour Shop.
 15423 | Orc:2    | Found Fuvoiko's Antique Armour Shop.
 15426 | Orc:2    | Received a gift from Trog
 15464 | Orc:2    | Found Felef's Antique Weapon Boutique.
 15528 | Orc:2    | Bought a scorched war axe for 306 gold pieces
 15528 | Orc:2    | Identified the +6 war axe "Ejumaw" {flame, Dex+3} (You
                  | bought it in a shop on level 2 of the Orcish Mines)
 15536 | Orc:2    | Bought a pair of embroidered boots for 225 gold pieces
 15665 | Orc:2    | Bought a faintly humming chain mail for 247 gold pieces
 15665 | Orc:2    | Identified the +2 chain mail of Undesirable Species {-Tele
                  | rPois Dex+2} (You bought it in a shop on level 2 of the
                  | Orcish Mines)
 16579 | Lair:1   | Entered Level 1 of the Lair of Beasts
 17544 | Lair:1   | Lost mutation: Your spells are a little easier to cast, but
                  | a little less powerful. [potion of mutation]
 17544 | Lair:1   | Lost mutation: You have sharp toenails. [potion of
                  | mutation]
 17544 | Lair:1   | Lost mutation: You are covered in fur. (AC +1) [potion of
                  | mutation]
 17544 | Lair:1   | Gained mutation: You have a pair of large horns on your
                  | head. [potion of mutation]
 17545 | Lair:1   | Lost mutation: You have a pair of large horns on your head.
                  | [potion of mutation]
 17545 | Lair:1   | Lost mutation: You are robust. (+10% HP) [potion of
                  | mutation]
 17545 | Lair:1   | Lost mutation: You are partially covered in iridescent
                  | scales. (AC +2) [potion of mutation]
 17545 | Lair:1   | Gained mutation: You expend magic power (3 MP) to
                  | strengthen your wands. [potion of mutation]
 17545 | Lair:1   | Gained mutation: You are dopey. (Int -2) [potion of
                  | mutation]
 17640 | Lair:2   | Reached XP level 16. HP: 149/149 MP: 15/15
 17869 | Lair:2   | Received a gift from Trog
 17873 | Lair:2   | Noticed Rihosch's ghost (journeyman KoHu)
 17876 | Lair:2   | Found a transporter.
 17913 | Lair:2   | Found a transporter.
 17930 | Lair:2   | Killed Rihosch's ghost
 18676 | Lair:3   | Found a hole to the Spider Nest.
 18908 | Lair:3   | Found a staircase to the Shoals.
 19284 | Lair:4   | Found a runed translucent door.
 19284 | Lair:4   | Found a shimmering altar of Xom.
 19284 | Lair:4   | Noticed ratatoskos's ghost (journeyman TrFi)
 19290 | Lair:4   | Noticed Kirke
 19302 | Lair:4   | Killed Kirke
 19324 | Lair:4   | Killed ratatoskos's ghost
 19967 | Lair:5   | Entered Level 5 of the Lair of Beasts
 20240 | Lair:5   | Found a viscous altar of Jiyva.
 20253 | Lair:5   | Lost mutation: You are strong-willed. (Will+) [potion of
                  | mutation]
 20253 | Lair:5   | Lost mutation: You expend magic power (3 MP) to strengthen
                  | your wands. [potion of mutation]
 20253 | Lair:5   | Gained mutation: You are weak. (Str -2) [potion of
                  | mutation]
 20253 | Lair:5   | Gained mutation: You are strong-willed. (Will+) [potion of
                  | mutation]
 20260 | Lair:5   | Found a staircase to the Slime Pits.
 20570 | Lair:5   | Found a large runed translucent door.
 20570 | Lair:5   | Found a large runed translucent door.
 22826 | D:6      | You are sucked into a shaft and drop 3 floors!
 23057 | D:11     | Bought the ring of the Prince {Contam rPois Str+3 Dex+6
                  | Stlth+} for 760 gold pieces
 23689 | Shoals:1 | Entered Level 1 of the Shoals
 23873 | Shoals:1 | Received a gift from Trog
 24117 | Shoals:1 | Reached skill level 15 in Armour
 24801 | Shoals:2 | Found Quhiem's Antique Weapon Boutique.
 25632 | Shoals:3 | Noticed Polyphemus
 25644 | Shoals:3 | Reached XP level 17. HP: 160/160 MP: 16/16
 25649 | Shoals:3 | Killed Polyphemus
 25816 | Shoals:3 | Found a runed translucent gate.
 25816 | Shoals:3 | Found a runed translucent gate.
 25816 | Shoals:3 | Found a runed translucent gate.
 25817 | Shoals:3 | Noticed Zedyvir's ghost (adept DsCj)
 25817 | Shoals:3 | Noticed qdestroyer's ghost (journeyman MiFi)
 25817 | Shoals:3 | Noticed Heezod's ghost (journeyman MiBe)
 25817 | Shoals:3 | Noticed ang3lsp1der's ghost (adept FeSu)
 25825 | Shoals:3 | Killed ang3lsp1der's ghost
 25833 | Shoals:3 | Killed qdestroyer's ghost
 25833 | Shoals:3 | Killed Zedyvir's ghost
 25845 | Shoals:3 | Killed Heezod's ghost
 25867 | Shoals:3 | Identified the ring "Xaetitz" {rElec rF+ Dex+6}
 26026 | Shoals:3 | Received a gift from Trog
 26057 | Shoals:3 | Noticed a kraken
 26065 | Shoals:3 | Killed a kraken
 26676 | Shoals:4 | Entered Level 4 of the Shoals
 27255 | Shoals:4 | Noticed a kraken
 27268 | Shoals:4 | Identified the +3 dire flail of Ysomec Maus {drain, rF+ rC+
                  | Will++}
 27285 | Shoals:4 | Identified the +6 broad axe "Meblaamp" {heavy, Dex+5
                  | Stlth-} (Trog gifted it to you on level 4 of the Shoals)
 27285 | Shoals:4 | Received a gift from Trog
 27405 | Shoals:4 | Killed a kraken
 27468 | Shoals:4 | Got the Opusculum on Toxins and Gloom
 27846 | Shoals:4 | Got a barnacled rune of Zot
 29002 | Shoals:2 | Bought a glimmering war axe for 306 gold pieces
 29002 | Shoals:2 | Identified the +9 war axe of Certain Death {heavy, +Blink
                  | rElec} (You bought it in a shop on level 2 of the Shoals)
 29727 | Depths:1 | Entered Level 1 of the Depths
 30227 | Spider:1 | Entered Level 1 of the Spider Nest
 30267 | Spider:1 | Found a runed translucent gate.
 30267 | Spider:1 | Found a runed translucent gate.
 30267 | Spider:1 | Found a runed translucent gate.
 30268 | Spider:1 | Noticed kalagan's ghost (adept DECj)
 30373 | Spider:1 | Reached XP level 18. HP: 171/171 MP: 17/17
 30593 | Orc:2    | Bought a pair of pitted gloves for 285 gold pieces
 30593 | Orc:2    | Identified the +2 pair of gloves of the Old World {*Slow
                  | +Blink Str+4} (You bought it in a shop on level 2 of the
                  | Orcish Mines)
 31055 | Spider:1 | Killed kalagan's ghost
 31055 | Spider:1 | Received a gift from Trog
 32964 | Spider:3 | Reached skill level 1 in Evocations
 34499 | Spider:4 | Entered Level 4 of the Spider Nest
 34921 | Spider:4 | Noticed Agnes
 34929 | Spider:4 | Killed Agnes
 34968 | Spider:4 | Noticed Arachne
 34986 | Spider:4 | Killed Arachne
 35045 | Spider:4 | Found a transporter.
 35064 | Spider:4 | Found a transporter.
 35102 | Spider:4 | Noticed raetorn's ghost (adept DjFE)
 35197 | Spider:4 | Killed raetorn's ghost
 35267 | Spider:4 | Identified the ring of Myov {Ice rPois Int+4 Slay-4}
 35524 | Spider:4 | Received a gift from Trog
 35662 | Spider:4 | Got a gossamer rune of Zot
 38281 | Vaults:1 | Entered Level 1 of the Vaults
 38397 | Vaults:1 | Noticed a tentacled monstrosity
 38402 | Vaults:1 | Reached XP level 19. HP: 183/183 MP: 18/18
 38671 | Vaults:1 | Reached ****** piety under Trog
 39044 | Vaults:1 | Received a gift from Trog
 40552 | Vaults:2 | Received a gift from Trog
 40602 | Vaults:2 | Reached skill level 5 in Evocations
 40726 | Vaults:2 | Reached skill level 10 in Dodging
 41191 | Vaults:2 | Reached XP level 20. HP: 179/198 MP: 19/19
 41567 | Vaults:2 | Found Zeppack's Antique Armour Boutique.
 41687 | Vaults:3 | Received a gift from Trog
 41694 | Vaults:3 | Paralysed by a great orb of eyes for 2 turns
 41809 | Vaults:3 | Found a staircase to the Crypt.
 41938 | Vaults:3 | Identified the +0 plate armour of Oily Brilliance {+Blink
                  | rPois Str-3}
 42008 | Vaults:3 | Identified the +10 battleaxe "Arraukun" {heavy, Fragile rF+
                  | rN+ Str+5}
 42025 | Vaults:3 | Lost mutation: You are weak. (Str -2) [potion of mutation]
 42025 | Vaults:3 | Lost mutation: You are dopey. (Int -2) [potion of mutation]
 42025 | Vaults:3 | Gained mutation: You are frail. (-10% HP) [potion of
                  | mutation]
 42025 | Vaults:3 | Gained mutation: Your spells are a little harder to cast,
                  | but a little more powerful. [potion of mutation]
 42025 | Vaults:3 | Gained mutation: Your mind is acute. (Int +4, Str/Dex -1)
                  | [potion of mutation]
 42025 | Vaults:3 | Gained mutation: You are partially covered in iridescent
                  | scales. (AC +2) [potion of mutation]
 42060 | Vaults:3 | Identified the +10 quarterstaff of Cheibriados, Loving
                  | {freeze, rElec rF+ Dex-3}
 42612 | Vaults:3 | Received a gift from Trog
 42690 | Vaults:3 | You are sucked into a shaft and drop 1 floor!
 42690 | Vaults:4 | Found Ynuem Rymn's Distillery.
 42698 | Vaults:4 | Bought a potion of mutation for 176 gold pieces
 42698 | Vaults:4 | Lost mutation: You are frail. (-10% HP) [potion of
                  | mutation]
 42698 | Vaults:4 | Lost mutation: You are strong-willed. (Will+) [potion of
                  | mutation]
 42698 | Vaults:4 | Lost mutation: Your mind is acute. (Int +4, Str/Dex -1)
                  | [potion of mutation]
 42698 | Vaults:4 | Gained mutation: Your body sometimes deteriorates upon
                  | taking damage. [potion of mutation]
 42698 | Vaults:4 | Gained mutation: You possess an exceptional clarity of
                  | mind. [potion of mutation]
 42698 | Vaults:4 | Gained mutation: You are somewhat resistant to further
                  | mutation. [potion of mutation]
 43120 | Vaults:4 | Received a gift from Trog
 43146 | Vaults:4 | Found Niuf's Armour Shop.
 43564 | Vaults:4 | Found Julacuc's General Store.
 43750 | Vaults:4 | Found Puaniss's Book Boutique.
 43937 | Vaults:5 | Entered Level 5 of the Vaults
 44109 | Vaults:5 | Reached XP level 21. HP: 203/211 MP: 18/20
 44150 | Vaults:5 | Paralysed by a sphinx for 2 turns
 44167 | Vaults:5 | Noticed a dread lich
 44171 | Vaults:5 | Received a gift from Trog
 44183 | Vaults:5 | Killed a dread lich
 44196 | Vaults:5 | Identified the +3 chain mail "Lofeschappo" {Str-4 Dex+5}
 44204 | Vaults:5 | Identified the +6 falchion "Yssidwec" {freeze, rElec}
 44204 | Vaults:5 | Noticed an ancient lich
 44209 | Vaults:5 | Killed an ancient lich
 44323 | Vaults:5 | Noticed a dread lich
 44330 | Vaults:5 | Killed a dread lich
 44591 | Vaults:5 | Identified the +6 hand axe of the Butterfly {flame, rPois
                  | MP-9 Str+4 Stlth+} (Trog gifted it to you on level 5 of the
                  | Vaults)
 44591 | Vaults:5 | Received a gift from Trog
 44773 | Vaults:5 | Found Qism's Jewellery Shop.
 44900 | Vaults:5 | Found Redess's Armour Shoppe.
 44995 | Vaults:5 | Found Baishrua's Jewellery Boutique.
 45056 | Vaults:5 | Found Noky's Distillery.
 45068 | Vaults:5 | Noticed a dread lich
 45074 | Vaults:5 | Paralysed by a dread lich for 5 turns
 45087 | Vaults:5 | Killed a dread lich
 45285 | Vaults:5 | Got a silver rune of Zot
 45298 | Vaults:5 | Noticed a golden dragon
 45313 | Vaults:5 | Killed a golden dragon
 46116 | Vaults:3 | Reached XP level 22. HP: 226/226 MP: 21/21
 47435 | Vaults:2 | Bought a transparent plate armour for 980 gold pieces
 47435 | Vaults:2 | Identified the +4 plate armour "Lemmujim" {Rampage Str-4
                  | Int+2 Dex+3} (You bought it in a shop on level 2 of the
                  | Vaults)
 47534 | Crypt:1  | Entered Level 1 of the Crypt
 47663 | Crypt:1  | Received a gift from Trog
 48741 | Crypt:2  | Received a gift from Trog
 48762 | Crypt:2  | Paralysed by a vampire knight for 5 turns
 49545 | Crypt:3  | Entered Level 3 of the Crypt
 49560 | Crypt:3  | Found a staircase to the Tomb.
 49578 | Tomb:1   | Entered Level 1 of the Tomb of the Ancients
 49743 | Crypt:3  | Identified the amulet of the Raven {Spirit rPois}
 49950 | Crypt:3  | Received a gift from Trog
 50085 | Crypt:3  | Found the amulet of Vitality {RegenMP++ Regen++}
 50127 | Crypt:3  | Reached skill level 10 in Evocations
 50306 | Crypt:3  | Found the +7 Spriggan's Knife {stab, EV+4 Stlth+}
 51166 | Crypt:3  | Found the +9 sword of Zonguldrok {reap}
 51224 | Crypt:3  | Received a gift from Trog
 51233 | Crypt:3  | Identified the staff of conjuration "Xifan" {rN+ Str+4}
 51255 | Crypt:3  | Identified the +11 spear of Chagrin {freeze, rPois rN+}
 51257 | Crypt:3  | Got the Elucidation of Red-Hot Last Rites
 51364 | Crypt:3  | Identified the +7 great sword of the Puffball {spect, rPois
                  | MP+9 Str-4 Dex+5}
 51869 | Slime:1  | Entered Level 1 of the Pits of Slime
 52791 | Slime:3  | Reached skill level 27 in Fighting
 52838 | Slime:2  | Lost mutation: You possess an exceptional clarity of mind.
                  | [a shining eye]
 52843 | Slime:2  | Reached XP level 23. HP: 240/240 MP: 22/22
 53155 | Slime:3  | Received a gift from Trog
 53489 | Slime:3  | You are sucked into a shaft and drop 1 floor!
 53513 | Slime:5  | Entered Level 5 of the Pits of Slime
 54186 | Slime:5  | Paralysed by a floating eye for 3 turns
 54479 | Slime:5  | Noticed the Royal Jelly
 54806 | Slime:5  | Found a viscous altar of Jiyva.
 54957 | Slime:5  | Killed the Royal Jelly
 54957 | Slime:5  | Received a gift from Trog
 55018 | Slime:5  | Identified the +4 longbow of the Walnut {flame, Drain rPois
                  | Dex+4}
 55035 | Slime:5  | Identified the staff of cold "Ijeitas" {rC+ rN+++ rCorr
                  | Int-3 Stlth+}
 55051 | Slime:5  | Identified the staff of earth "Leifonkusch" {SInv}
 55055 | Slime:5  | Identified the +6 demon trident "Poriem" {flame, rC-
                  | Will+++ Int+4}
 55094 | Slime:5  | Identified the staff of air "Etad Ruyle" {rElec rF+ rC-
                  | Int+2}
 55100 | Slime:5  | Identified the +8 double sword "Vauxtidu" {speed, Will+}
 55131 | Slime:5  | Got a slimy rune of Zot
 56459 | Elf:1    | Entered Level 1 of the Elven Halls
 56755 | Elf:1    | Noticed Asterion
 56765 | Elf:1    | Killed Asterion
 56791 | Elf:1    | Paralysed by an air elemental for 1 turns
 56824 | Elf:1    | Noticed Frances
 56837 | Elf:1    | Killed Frances
 57471 | Elf:1    | Identified the +4 ring mail "Rikk" {Will- MP+9 Dex+3}
 57690 | Elf:2    | Noticed Roxanne
 57703 | Elf:2    | Killed Roxanne
 57714 | Elf:2    | Found Piaqueneb's Antique Weapon Boutique.
 57740 | Elf:2    | Paralysed by an air elemental for 1 turns
 57751 | Elf:2    | Received a gift from Trog
 57782 | Elf:2    | Found Vydit's Weapon Boutique.
 57854 | Elf:2    | Noticed Zenata
 57866 | Elf:2    | Killed Zenata
 57884 | Elf:2    | Paralysed by an air elemental for 1 turns
 58110 | Elf:2    | Found a huge runed translucent gate.
 58110 | Elf:2    | Found a huge runed translucent gate.
 58110 | Elf:2    | Found a huge runed translucent gate.
 58113 | Elf:2    | Found a huge runed translucent gate.
 58116 | Elf:2    | Found a huge runed translucent gate.
 58904 | Elf:1    | Found a shimmering blue altar of Sif Muna.
 59006 | Elf:3    | Entered Level 3 of the Elven Halls
 59006 | Elf:3    | Found a runed translucent gate.
 59006 | Elf:3    | Found a runed translucent gate.
 59007 | Elf:3    | Found a runed translucent gate.
 59008 | Elf:3    | Noticed ratatoskos's ghost (veteran DsBe)
 59053 | Elf:3    | Killed ratatoskos's ghost
 59056 | Elf:3    | Got Sif Muna's Papyrus of the Cwm
 59154 | Elf:3    | Reached XP level 24. HP: 249/249 MP: 7/22
 59337 | Elf:3    | Reached skill level 15 in Dodging
 59456 | Elf:3    | Received a gift from Trog
 59474 | Abyss:2  | Cast into level 2 of the Abyss (a deep elf sorcerer)
 59475 | Abyss:2  | Found a corrupted altar of Lugonu.
 59542 | Elf:3    | Escaped the Abyss
 59587 | Elf:3    | Received a gift from Trog
 59621 | Elf:3    | Reached skill level 27 in Shields
 59916 | Elf:3    | Identified the +9 falchion of False Accusations {vamp, Fly
                  | rPois Dex+2}
 59922 | Elf:3    | Got the Volume of Inconstant Toxicity
 59923 | Elf:3    | Identified the amulet of Jeisycer {Reflect Dex+3 SH+5
                  | Stlth+}
 59925 | Elf:3    | Identified the +10 dagger "Veiru" {heavy, rElec rCorr Dex+4
                  | SInv}
 59926 | Elf:3    | Identified the ring of the Mauling Coward {rC++ rN+ Will+
                  | Str+3 Dex-4}
 59954 | Elf:3    | Identified the staff of fire "Gunapor" {rF+ Will+ Dex+2}
 59962 | Elf:3    | Identified the staff of death "Anemao" {rElec rN+ rCorr
                  | Stlth-}
 60063 | Elf:3    | Got the Excursus on Ouranomancy and the Wyrd
 60079 | Elf:3    | Identified the ring "Yniwak" {rF+ EV+5 Str+4}
 60099 | Elf:3    | Identified the +11 halberd "Xerix" {heavy, rF+}
 61106 | Orc:2    | Bought a shiny orb for 312 gold pieces
 62016 | Depths:1 | Identified the +0 pair of gloves of Submission {rElec}
 62190 | Depths:1 | Found Utyrhub's Jewellery Boutique.
 62368 | Depths:1 | Found Lacisma's Distillery.
 62370 | Depths:1 | Found Laf Mamo's Antique Armour Shop.
 62372 | Depths:1 | Found Det Fofu's Book Boutique.
 62376 | Depths:1 | Bought a potion of heal wounds for 50 gold pieces
 62376 | Depths:1 | Bought a potion of mutation for 80 gold pieces
 62378 | Depths:1 | Bought a pair of twisted gloves for 465 gold pieces
 62378 | Depths:1 | Identified the +0 pair of gloves of the Butterfly {Fly
                  | rPois} (You bought it in a shop on level 1 of the Depths)
 62390 | Depths:1 | Found a one-way gate leading to the halls of Pandemonium.
 62567 | Depths:1 | Received a gift from Trog
 62634 | Depths:1 | Found a gateway to Hell.
 63000 | Depths:2 | Found a one-way gate to the infinite horrors of the Abyss.
 63099 | Depths:2 | Found a one-way gateway to a ziggurat.
 63311 | Depths:2 | Reached skill level 5 in Stealth
 64381 | Depths:2 | Found a blossoming altar of Fedhas.
 64590 | Depths:2 | Identified the +1 battleaxe "Veana" {flame, Will- Dex+5}
 64699 | Depths:3 | Paralysed by a vampire knight for 2 turns
 64970 | Depths:3 | Received a gift from Trog
 65080 | Depths:3 | Noticed the Enchantress
 65110 | Depths:3 | Killed the Enchantress
 65679 | Depths:3 | Reached XP level 25. HP: 248/257 MP: 22/22
 65726 | Depths:3 | Found a corrupted altar of Lugonu.
 65908 | Depths:3 | Received a gift from Trog
 67107 | Depths:3 | Noticed Vv
 67126 | Depths:3 | Killed Vv
 67445 | Depths:4 | Entered Level 4 of the Depths
 67451 | Depths:4 | Paralysed by a floating eye for 3 turns
 67660 | Depths:4 | Reached skill level 27 in Armour
 68369 | Depths:4 | Found a gate to the Realm of Zot.
 70566 | D:11     | Bought the ring "Huhoakk" {Fire rPois rN+ SInv} for 669
                  | gold pieces
 71259 | Elf:3    | Lost mutation: Your body sometimes deteriorates upon taking
                  | damage. [potion of mutation]
 71259 | Elf:3    | Lost mutation: You are partially covered in iridescent
                  | scales. (AC +2) [potion of mutation]
 71259 | Elf:3    | Lost mutation: You are somewhat resistant to further
                  | mutation. [potion of mutation]
 71259 | Elf:3    | Gained mutation: Your flesh is cold resistant. (rC+)
                  | [potion of mutation]
 71259 | Elf:3    | Lost mutation: Your spells are a little harder to cast, but
                  | a little more powerful. [potion of mutation]
 71259 | Elf:3    | Gained mutation: You passively dampen the noise of your
                  | surroundings. [potion of mutation]
 71260 | Elf:3    | Lost mutation: Your flesh is cold resistant. (rC+) [potion
                  | of mutation]
 71260 | Elf:3    | Lost mutation: You passively dampen the noise of your
                  | surroundings. [potion of mutation]
 71260 | Elf:3    | Gained mutation: Your magical capacity is low. (-10% MP)
                  | [potion of mutation]
 71260 | Elf:3    | Lost mutation: Your magical capacity is low. (-10% MP)
                  | [potion of mutation]
 71261 | Elf:3    | Gained mutation: You have sharp toenails. [potion of
                  | mutation]
 71261 | Elf:3    | Gained mutation: You are weak. (Str -2) [potion of
                  | mutation]
 71261 | Elf:3    | Gained mutation: Your flesh is cold resistant. (rC+)
                  | [potion of mutation]
 71262 | Elf:3    | Lost mutation: You have sharp toenails. [potion of
                  | mutation]
 71262 | Elf:3    | Lost mutation: You are weak. (Str -2) [potion of mutation]
 71262 | Elf:3    | Gained mutation: You are agile. (Dex +4, Str/Int -1)
                  | [potion of mutation]
 71262 | Elf:3    | Gained mutation: You possess an exceptional clarity of
                  | mind. [potion of mutation]
 72138 | Zot:1    | Entered Level 1 of the Realm of Zot
 72149 | Zot:1    | Noticed an ancient lich
 72159 | Zot:1    | Killed an ancient lich
 72215 | Zot:1    | Noticed an orb of fire
 72217 | Zot:1    | Gained mutation: Potions are less effective at restoring
                  | your health. [an orb of fire]
 72223 | Zot:1    | Gained mutation: You are vulnerable to heat. (rF-) [an orb
                  | of fire]
 72224 | Zot:1    | Killed an orb of fire
 72224 | Zot:1    | Received a gift from Trog
 72277 | Zot:1    | Lost mutation: Your flesh is cold resistant. (rC+) [potion
                  | of mutation]
 72277 | Zot:1    | Lost mutation: You possess an exceptional clarity of mind.
                  | [potion of mutation]
 72277 | Zot:1    | Gained mutation: You are somewhat resistant to further
                  | mutation. [potion of mutation]
 72279 | Zot:1    | Lost mutation: Potions are less effective at restoring your
                  | health. [potion of mutation]
 72279 | Zot:1    | Lost mutation: You are agile. (Dex +4, Str/Int -1) [potion
                  | of mutation]
 72279 | Zot:1    | Lost mutation: You are somewhat resistant to further
                  | mutation. [potion of mutation]
 72279 | Zot:1    | Gained mutation: You are partially covered in large bone
                  | plates. (SH +4) [potion of mutation]
 72280 | Zot:1    | Lost mutation: You are partially covered in large bone
                  | plates. (SH +4) [potion of mutation]
 72280 | Zot:1    | Lost mutation: You are vulnerable to heat. (rF-) [potion of
                  | mutation]
 72280 | Zot:1    | Gained mutation: You are partially covered in iridescent
                  | scales. (AC +2) [potion of mutation]
 72280 | Zot:1    | Gained mutation: Your spells are a little harder to cast,
                  | but a little more powerful. [potion of mutation]
 72280 | Zot:1    | Gained mutation: You are mostly covered in iridescent
                  | scales. (AC +4) [potion of mutation]
 72351 | Zot:1    | Identified the +9 scimitar "Zealixku" {drain, Int+2}
 73218 | Zot:2    | Noticed an orb of fire
 73222 | Zot:2    | Gained mutation: Your body sometimes deteriorates upon
                  | taking damage. [an orb of fire]
 73230 | Zot:2    | Killed an orb of fire
 74692 | Zot:2    | Identified the +2 halberd "Ogaarient" {flame, Int+3}
 74711 | Zot:2    | Identified the ring of Skepticism {Wiz *Slow rC+ Dex+3
                  | Stlth+}
 75247 | Zot:3    | Received a gift from Trog
 75275 | Zot:3    | Reached XP level 26. HP: 220/266 MP: 7/22
 75669 | Zot:3    | You are sucked into a shaft and drop 1 floor!
 77686 | Zot:5    | Entered Level 5 of the Realm of Zot
 78125 | Zot:5    | Received a gift from Trog
 78125 | Zot:5    | Noticed an ancient lich
 78138 | Zot:5    | Killed an ancient lich
 78279 | Zot:5    | Noticed an orb of fire
 78279 | Zot:5    | Noticed an orb of fire
 78282 | Zot:5    | Gained mutation: Your body often deteriorates upon taking
                  | damage. [an orb of fire]
 78283 | Zot:5    | Gained mutation: You occasionally shout uncontrollably at
                  | your foes. [an orb of fire]
 78284 | Zot:5    | Gained mutation: Armour fits poorly on your strangely
                  | shaped body. [an orb of fire]
 78285 | Zot:5    | Noticed an orb of fire
 78294 | Zot:5    | Lost mutation: Your spells are a little harder to cast, but
                  | a little more powerful. [an orb of fire]
 78299 | Zot:5    | Gained mutation: Your spells are a little easier to cast,
                  | but a little less powerful. [an orb of fire]
 78485 | Zot:5    | Noticed an orb of fire
 78486 | Zot:5    | Noticed an orb of fire
 78489 | Zot:5    | Gained mutation: Your magical capacity is low. (-10% MP)
                  | [an orb of fire]
 78495 | Zot:5    | Gained mutation: You occasionally lose the ability to drink
                  | potions when taking damage. [an orb of fire]
 78496 | Zot:5    | Lost mutation: Your body often deteriorates upon taking
                  | damage. [an orb of fire]
 78504 | Zot:5    | Gained mutation: Potions are less effective at restoring
                  | your health. [an orb of fire]
 78508 | Zot:5    | Gained mutation: You are dopey. (Int -2) [an orb of fire]
 78521 | Zot:5    | Killed an orb of fire
 78526 | Zot:5    | Killed an orb of fire
 78546 | Zot:5    | Gained mutation: Your body often deteriorates upon taking
                  | damage. [an orb of fire]
 78554 | Zot:5    | Killed an orb of fire
 78568 | Zot:5    | Gained mutation: You frequently scream uncontrollably at
                  | your foes. [an orb of fire]
 78572 | Zot:5    | Noticed an orb of fire
 78587 | Zot:5    | Gained mutation: You are very dopey. (Int -4) [an orb of
                  | fire]
 78590 | Zot:5    | Gained mutation: Your magical capacity is very low. (-20%
                  | MP) [an orb of fire]
 78592 | Zot:5    | Gained mutation: You sometimes lose the ability to drink
                  | potions when taking damage. [an orb of fire]
 78745 | Zot:5    | Identified the +0 chain mail "Uwinkups" {*Corrode rPois rN+
                  | SInv}
 78843 | Zot:5    | Killed an orb of fire
 78986 | Zot:5    | Noticed an orb of fire
 78987 | Zot:5    | Noticed an orb of fire
 78987 | Zot:5    | Noticed an orb of fire
 78987 | Zot:5    | Noticed an ancient lich
 78987 | Zot:5    | Noticed an orb of fire
 78987 | Zot:5    | Noticed an orb of fire
 78987 | Zot:5    | Noticed a dread lich
 78998 | Zot:5    | Killed a dread lich
 79001 | Zot:5    | Killed an ancient lich
 79003 | Zot:5    | Lost mutation: Armour fits poorly on your strangely shaped
                  | body. [an orb of fire]
 79013 | Zot:5    | Gained mutation: You are weak. (Str -2) [an orb of fire]
 79022 | Zot:5    | Gained mutation: You are occasionally teleported next to
                  | monsters. [an orb of fire]
 79023 | Zot:5    | Reached XP level 27. HP: 224/273 MP: 5/17
 79028 | Zot:5    | Gained mutation: Your magical capacity is extremely low.
                  | (-30% MP) [an orb of fire]
 79034 | Zot:5    | Killed an orb of fire
 79037 | Zot:5    | Gained mutation: Armour fits poorly on your strangely
                  | shaped body. [an orb of fire]
 79041 | Zot:5    | Killed an orb of fire
 79169 | Zot:5    | Noticed an ancient lich
 79170 | Zot:5    | Gained mutation: You are frail. (-10% HP) [an orb of fire]
 79177 | Zot:5    | Gained mutation: You sometimes lose your temper in combat.
                  | [an orb of fire]
 79178 | Zot:5    | Killed an ancient lich
 79189 | Zot:5    | Killed an orb of fire
 79291 | Zot:5    | Gained mutation: Your spells are easier to cast, but less
                  | powerful. [an orb of fire]
 79292 | Zot:5    | Gained mutation: Your spells are much easier to cast, but
                  | much less powerful. [an orb of fire]
 79292 | Zot:5    | Killed from afar by an orb of fire

Illustrated notes

Levels and vault maps discovered:
D:1:      kennysheep_arrival_forest, layout_basic, basic_ecumenical_altar,
          minmay_pentomino_z4
D:2:      minmay_spotlight, layout_basic, serial_shops, shop
D:3:      layout_loops_ring, mainiacjoe_overflow_cross_hatched,
          cheibrodos_ashenzari_chains
D:4:      layout_loops_ring, tgw_kikubaaqudgha, mainiacjoe_overflow_alcove_4,
          minmay_temple_entry_statues_pillars, eino_tiny_chamber,
          lexackson_kobold_supper, uniq_duvessa
D:5:      kennysheep_windowed_halls, layout_basic,
          grunt_temple_overflow_holy_war, nicolae_overflow_crystal_walls,
          okawaru_metal_pillars_3, serial_co_window_serial, co_window_paths_b,
          co_window_of_opportunity_a, co_window_paths_b, co_window_paths_a,
          co_window_of_opportunity_a, co_window_corner_ca, co_window_corner_ca,
          co_window_corner_b, co_window_of_opportunity_b, co_window_corner_b,
          co_window_unsneaky_path_b, glass_columns_b, glass_columns_b,
          glass_columns_a, uniq_pikel
D:6:      layout_basic, mainiacjoe_overflow_concentric_impassable, st_stairs_10,
          minmay_diced_spiral
D:7:      layout_basic, minitemple, nrook_campfire, uniq_menkaure
D:8:      layout_loops_cross, grunt_gozag_breadcrumbs,
          chequers_temple_overflow_statue_of_worship
D:9:      layout_cave_pools, due_lair_maze_entry_diamond, uniq_psyche
D:10:     layout_stronghold, lemuel_coloured_pillars_altar
D:11:     layout_small_grid, nicolae_shop_unique_rings
D:12:     layout_irregular_city, erik_orc_3, wad_rectangle_vault
D:13:     layout_irregular_city, grunt_vaults_entry_fortified,
          portal_ice_cave_entry_pillars_2, hangedman_abyss_or_decor_stagger
D:14:     layout_basic, nzn_hepliaklqana_mist_gate, serial_shops, shop,
          nzn_ghost_randoct
D:15:     hangedman_depths_entry_try_elsewhere_first, layout_loops_ring,
          lemuel_doored_altar, nicolae_uskayaw_murder_on_the_dancefloor
Temple:   nicolae_temple_ecumenical_triangle
Lair:1:   layout_hall_layers
Lair:2:   layout_hall_layers, gammafunk_ghost_arena
Lair:3:   layout_regular_city, elwin_shoals_entry_rocks,
          nicolae_spider_entry_non_spiders, serial_bayou_shore_a,
          serial_bayou_shore_b, lemuel_fruit_tree
Lair:4:   layout_gridlike, ebering_ghost_xom, lemuel_fruit_fields, uniq_kirke
Lair:5:   cheibrodos_lair_end_hotspot, layout_long_grid, slime_entry_1,
          grunt_forest_stairs_basic
Shoals:1: layout_shoals
Shoals:2: layout_shoals, serial_shops, nicolae_take_the_stairs
Shoals:3: layout_shoals, gammafunk_ghost_cemetery, uniq_polyphemus
Shoals:4: shoals_end_simple, layout_shoals, nicolae_shoals_wave_tunnel
Spider:1: layout_chambers, ebering_ghost_rock_garden, guppyfry_spider_mini_2
Spider:2: layout_cave_pods
Spider:3: layout_chambers
Spider:4: spider_rune_water, gammafunk_ghost_berserking_beasts, drop_trap,
          lemuel_hornet_nest, uniq_agnes, uniq_arachne
Slime:1:  layout_caves
Slime:2:  layout_caves
Slime:3:  layout_caves
Slime:4:  nicolae_slime_jelly_donut, layout_caves
Slime:5
Orc:1:    layout_caves
Orc:2:    st_orc_mages, layout_caves
Elf:1:    elf_arrival_002, layout_loops_corners,
          hangedman_elven_crosses_minicolossus, roderic_roman_lattice,
          lemuel_upstairs_altar, uniq_frances, uniq_asterion
Elf:2:    elven_hall_of_blades_hangedman_alternative
          [nicolae_blade_little_rooms], layout_rooms, serial_shops,
          nicolae_shop_stone, nicolae_shop_bloodbath_and_beyond,
          serial_aquarium, aquarium_bridge_long_joined
          [aquarium_subvault_window, aquarium_subvault_wall,
          aquarium_subvault_wall, aquarium_subvault_bridge,
          aquarium_subvault_window, aquarium_subvault_bridge],
          aquarium_window_2, aquarium_window_1, aquarium_window_fake,
          aquarium_view_2d, uniq_roxanne, uniq_zenata
Elf:3:    minmay_elf_hall_hex, layout_geoelf_diagonals,
          ebering_ghost_rock_garden, wad_dig_loot
Vaults:1: hangedman_vaults_capsules, nicolae_vaults_what_the_h,
          nicolae_vaults_little_squares_5, nicolae_vaults_trapezoid_lopsided_3,
          grunt_vaults_swirl, nicolae_vaults_murder_corner,
          vaults_dpeg_emergency_exit, vaults_room_fancy_cross,
          nicolae_vaults_mini_display_case, serial_ice_b,
          vaults_room_semicircle, nicolae_vaults_alarming, grunt_vaults_funnel,
          layout_vaults_chaotic_city
Vaults:2: nicolae_vaults_trapezoid_4, nicolae_vaults_c_with_doors, v_rooms_5,
          ontoclasm_vaults_pinch, nicolae_vaults_frosty_reception,
          nicolae_vaults_mitosis, ontoclasm_vaults_spin,
          nicolae_vaults_apartment_2, layout_vaults_ring, serial_shops,
          nicolae_shop_tiny_waterfront
Vaults:3: hangedman_vaults_stream, nicolae_vaults_octothorpe,
          minmay_crypt_entry_skeletal_spiral, nicolae_vaults_turnstiles,
          vaults_room_corners, vaults_room_fours,
          nicolae_vaults_little_squares_5, hangedman_vaults_snaps,
          hangedman_vaults_restitches, nicolae_vaults_apartment_1,
          nicolae_vaults_storage_room_glass, nicolae_vaults_corpse_flower,
          vaults_room_door_ring, v_misc_13, nicolae_vaults_double_plus_3,
          vaults_room_door_ring, layout_vaults_maze_bifur
Vaults:4: vaults_room_door_ring, nicolae_vaults_sealed_display, st_more_cells,
          ontoclasm_vaults_ring_large, v_misc_16, ontoclasm_vaults_eye,
          nicolae_vaults_closet_pinwheel_1, nicolae_vaults_storage_closets_1,
          vaults_dpeg_diagonal, v_pattern_2, nicolae_vaults_heist,
          nicolae_vaults_rhombus_7, hangedman_vaults_stretched_pinwheel,
          layout_vaults_big_cross, serial_shops, nicolae_shop_stone,
          nicolae_shop_behind_doors, nicolae_shop_tiny_waterfront,
          nicolae_shop_tiny_statue_garden
Vaults:5
Crypt:1:  layout_catacombs, minivault_14, grunt_crypt_arrival_webbed,
          roderic_lattice_octagonal_star
Crypt:2:  layout_rooms
Crypt:3:  due_elkab, layout_chaotic_city, tomb_entry_forgotten_bobbens,
          serial_glass, glass_columns_a, glass_columns_b, glass_columns_a,
          glass_columns_a, glass_columns_a, glass_columns_a, grunt_ministairs_9
Tomb:1:   uniq_khufu
Depths:1: layout_gridville, pf_coc_iceberg, pan_entry, serial_shops, shop,
          minmay_misc_feat_room, minmay_misc_feat_enclosed,
          chequers_decorated_corner, minmay_shop_star
Depths:2: nzn_winding_woodlands_cross [nzn_winding_woodlands_5x15_cabin,
          nzn_winding_woodlands_5x15_jagged,
          nzn_winding_woodlands_5x15_sawtooth,
          nzn_winding_woodlands_5x15_pathside_ponds,
          nzn_winding_woodlands_15x15_boxy_spiral], layout_cross,
          enter_ziggurat_f, fedhas_altar_2, hangedman_abyss_entry_splay,
          hell_entry, grunt_pan_entry_zigzag
Depths:3: kennysheep_large_spiral, layout_gridlike, abyss_entry_flame_altar,
          grunt_pan_entry_in_and_out, hell_entry, patterned_corridor,
          infiniplex_staircase_pool_1, uniq_enchantress, uniq_vv
Depths:4: grunt_x_marks_the_spot, layout_cave_pools,
          abyss_entry_small_statue_room, serial_column_ruins,
          column_ruins_portal_hut, column_ruins_grid_2, column_ruins_grid_1,
          column_ruins_open_small, column_ruins_columns_T,
          column_ruins_columns_plus, column_ruins_columns_straight,
          column_ruins_open_tiny, hell_entry
Zot:1:    layout_misc_corridors, hangedman_player_shredder
Zot:2:    kennysheep_oblong_rooms, layout_basic
Zot:3:    layout_misc_corridors, grunt_ministairs_8, grunt_megastairs_2
Zot:4:    layout_cellular_growth, grunt_megastairs_3
Zot:5:    layout_cellular_growth

Skill      XL: |  1  2  3  4  5  6  7  8  9 10 11 12 13 14 15 16 17 18 19 20 21 22 23 24 25 26 |
---------------+-------------------------------------------------------------------------------+-----
Fighting       | 4 5 6 7 8 10 11 13 14 15 16 17 19 21 23 25 27 | 27.0
Axes           | 4 5 6 7 8 9 10 12 14 16 17 18 19 20 21 | 21.4
Stealth        | 1 2 4 5 |  5.0
Dodging        | 3 4 5 6 7 8 10 11 12 13 14 16 21 26 | 26.9
Armour         | 3 5 7 9 10 11 12 13 15 16 17 18 19 20 21 23 26 27 | 27.0
Shields        | 1 2 4 6 8 9 11 13 14 15 17 19 20 21 22 23 24 26 27 | 27.0
Evocations     | 3 5 6 8 10 | 10.4
Throwing       | |  0.6

Action                     |  1- 3 |  4- 6 |  7- 9 | 10-12 | 13-15 | 16-18 | 19-21 | 22-24 | 25-27 || total
---------------------------+-------+-------+-------+-------+-------+-------+-------+-------+-------++-------
  Melee: Hand axe          |   115 |   117 |   273 |   214 |       |       |       |       |       ||   719
         Headbutt          |    18 |    19 |    48 |    94 |   157 |   278 |   246 |   431 |   373 ||  1664
         Punch             |     2 |       |       |       |       |       |       |       |       ||     2
         War axe           |       |       |       |   216 |   295 |   633 |       |    52 |    36 ||  1232
         Broad axe         |       |       |       |       |   346 |   404 |   857 |  1388 |  1106 ||  4101
  Throw: Throwing net      |       |       |       |     4 |       |       |       |       |       ||     4
 Invoke: Berserk           |       |       |     6 |     8 |    20 |    19 |     5 |    23 |    28 ||   109
         Brothers in Arms  |       |       |       |       |       |     4 |     3 |     1 |     3 ||    11
         Trog's Hand       |       |       |       |       |       |       |     6 |       |     4 ||    10
Ability: Evoke Invisibilit |       |       |       |       |       |     1 |       |       |       ||     1
         Evoke Blink       |       |       |       |       |       |       |       |     1 |     1 ||     2
  Evoke: Wand              |       |       |       |     2 |       |     2 |     2 |     2 |    18 ||    26
         Lightning rod     |       |       |       |       |       |     1 |       |       |       ||     1
         Phial of floods   |       |       |       |       |       |       |     1 |       |       ||     1
         Box of beasts     |       |       |       |       |       |       |       |     1 |       ||     1
    Use: Potion            |     7 |     2 |     2 |     1 |    12 |     8 |     7 |     8 |    35 ||    82
         Scroll            |    14 |     3 |     2 |     1 |    12 |     9 |    17 |    18 |    14 ||    90
   Stab: Sleeping          |     1 |       |       |       |       |       |       |       |       ||     1
         Petrified         |       |       |       |       |       |    13 |       |       |       ||    13
         Petrifying        |       |       |       |       |       |     2 |       |       |       ||     2
         Invisible         |       |       |       |       |       |       |     2 |       |       ||     2
         Distracted        |       |       |       |       |       |       |       |    13 |    16 ||    29
 Armour: Animal skin       |    29 |       |       |       |       |       |       |       |       ||    29
         Leather armour    |     1 |       |       |       |       |       |       |       |       ||     1
         Chain mail        |       |    32 |    43 |    71 |    61 |       |       |       |       ||   207
         Plate armour      |       |       |    53 |    71 |       |       |       |       |       ||   124
         Crystal plate arm |       |       |       |       |   192 |   557 |   313 |   678 |  1241 ||  2981
         Skin              |       |       |       |       |    19 |       |       |       |       ||    19
  Dodge: Dodged            |    94 |    59 |   141 |   239 |   256 |   414 |   292 |   630 |   899 ||  3024
  Block: Kite shield       |       |    25 |   110 |   231 |   364 |  1334 |   690 |       |       ||  2754
         Reflection        |       |       |       |       |     3 |    48 |    85 |       |       ||   136
         Tower shield      |       |       |       |       |       |       |   366 |  1107 |       ||  1473
